AoeStats
← Caramelbaum

MegaRandom

505722369Analyzed
1v1 RM · 23d ago on Sep 10, 2026· 55m 5s· 2 players
Game mode
Random Map
Map size
Tiny (2 player)
Population
200
Speed
Normal
Resources
Standard
Victory
Conquest
Starting age
Dark Age
Ending age
Imperial Age
RankedLock teamsTeams togetherTeam positionsShared explorationLock speedFull tech treeHidden civsTurbo modeCheats
Victory
Defeat
🇧🇷 Bohemians · Brazil
752
+15
🇩🇪 Ethiopians · Germany
733
-15
Caramelbaum
16:02 Feudal Age
16:32 Double-Bit Axe
17:31 Stone Mining
19:17 Wheelbarrow
20:12 Forging
20:03 Scale Mail Armor
21:59 Horse Collar
23:15 Fishing Lines
23:57 Gold Mining
24:27 Town Watch
27:00 Castle Age
28:28 Arson
30:44 Squires
31:21 Iron Casting
31:01 Chain Mail Armor
31:11 Hand Cart
30:56 Town Patrol
30:43 Loom
31:00 Heavy Plow
31:14 Bow Saw
31:50 Royal Heirs
36:10 Imperial Age
35:22 Gold Shaft Mining
39:12 Conscription
40:34 Plate Mail Armor
44:44 Heavy Scorpion
Rise
3:55 Loom
6:17 Loom
10:38 Feudal Age
11:22 Double-Bit Axe
11:41 Town Watch
18:04 Castle Age
17:28 Wheelbarrow
16:38 Fishing Lines
19:30 Town Patrol
19:41 Town Patrol
20:14 Gillnets
22:33 Town Patrol
23:01 Bow Saw
24:47 Hand Cart
29:11 Imperial Age
28:12 Chemistry
26:58 Treadmill Crane
27:40 Masonry
27:35 Padded Archer Armor
32:16 Architecture
31:52 Siege Engineers
32:20 Architecture
32:38 Conscription
33:07 Wagenburg Tactics
32:58 Houfnice
35:56 Town Patrol
35:23 Elite Hussite Wagon
36:38 Murder Holes
Connection lost

Rejoining the realm…

Still unreachable

The connection could not be restored.

Session expired

The server has moved on; the page needs a fresh start.